Map: Baie de réparation EC

Players

zidar - Winner!

  • Race: Zerg Zerg
  • League: Gold
  • Spawn Location: 7:00

OMOH

  • Race: Terran Terran
  • League: Platinum
  • Spawn Location: 1:00

VOD

Have the link to the VOD?

Description

Time

  • Played on: Sept. 4, 2017, 2:55 p.m.
  • Length: 17:02
Show
View Real Time Build Order
Export as new Build Order

zidar Zerg - Winner!

Build Orders: Pool First, Muta Ling Bane 

Get SALT Encoding   

  12  0:01  Drone  
  13  0:12  Overlord  
  13  0:17  Drone  
  14  0:30  Drone x2  
  14  0:34  Drone  
  17  0:48  Spawning Pool  
  16  0:58  Drone  
  17  1:15  Hatchery  
  16  1:20  Drone  
  16  1:23  Extractor, Drone  
  17  1:28  Drone  
  18  1:41  Queen  
  19  1:56  Drone  
  20  2:04  Overlord  
  20  2:17  Queen  
  22  2:23  Zergling x2  
  22  2:24  Zergling x2  
  22  2:27  Drone  
  22  2:28  Drone  
  26  2:31  Metabolic Boost  
  26  2:48  Drone x3  
  29  2:56  Queen  
  31  3:04  Drone x4  
  35  3:06  Baneling Nest  
  35  3:08  Overlord  
  34  3:22  Extractor  
  33  3:33  Drone x6  
  39  3:53  Overlord  
  39  4:04  Roach Warren  
  37  4:11  Overlord x3  
  37  4:15  Drone x6  
  43  4:24  Lair  
  43  4:31  Hatchery  
  42  4:48  Evolution Chamber  
  42  4:49  Drone  
  42  4:50  Drone  
  42  4:51  Evolution Chamber  
  42  5:08  Spore Crawler  
  40  5:24  Spore Crawler  
  37  5:56  Zerg Ground Armor Level 1, Zerg Melee Weapons Level 1  
  37  5:58  Spire  
  37  5:59  Zergling x18  
  37  6:00  Zergling x6  
  48  6:13  Queen  
  50  6:23  Zergling x14  
  50  6:24  Zergling x4  
  59  6:26  Baneling x6  
  59  6:34  Centrifical Hooks  
  59  6:55  Drone x4  
  59  6:56  Drone x4  
  59  7:01  Extractor  
  66  7:04  Extractor  
  44  8:03  Zergling x34  
  44  8:04  Zergling x2  
  61  8:05  Baneling  
  61  8:06  Baneling x4  
  61  8:21  Drone x11  
  61  8:22  Drone  
  61  8:24  Overlord x3  
  73  8:31  Zerg Melee Weapons Level 2  
  73  8:53  Extractor  
  72  8:56  Extractor, Drone  
  72  8:57  Drone x2  
  72  8:58  Drone x2  
  76  9:03  Baneling  
  76  9:04  Baneling x6  
  76  9:05  Baneling  
  76  9:06  Baneling x2  
  76  9:10  Zerg Ground Armor Level 2  
  76  9:14  Mutalisk x4  
  84  9:31  Queen  
  84  9:34  Drone  
  84  9:35  Drone x6  
  93  9:44  Drone x4  
  97  9:51  Overlord  
  97  9:52  Overlord x2  
  97  9:53  Overlord  
  97  10:06  Infestation Pit  
  97  10:07  Drone  
  97  10:30  Hatchery  
  97  10:33  Hatchery  
  95  10:47  Zergling x34  
  95  10:48  Zergling x14  
  71  11:27  Mutalisk  
  71  11:28  Mutalisk x6  
  82  11:41  Zergling x2  
  82  11:42  Zergling x20  
  81  12:17  Overseer  
  81  12:24  Queen  
  80  12:43  Zergling x18  
  89  13:04  Hive  
  89  13:08  Zergling x24  
  101  13:16  Baneling x11  
  98  13:43  Pneumatized Carapace  
  98  14:12  Glial Reconstitution  
  98  14:15  Pathogen Glands  
  98  14:35  Adrenal Glands  
  98  14:36  Ultralisk Cavern  
  97  14:40  Extractor  
  97  14:43  Extractor  
  95  14:55  Zergling x8  
  95  14:56  Zergling x38  
  95  14:58  Baneling  
  95  14:59  Baneling x14  
  118  15:00  Baneling  
  118  15:01  Baneling x3  
  118  15:28  Ultralisk x3  
  136  15:29  Ultralisk  
  136  15:32  Overlord  
  136  15:33  Overlord x3  
  136  15:35  Chitinous Plating  
  142  15:37  Hatchery  
  142  15:41  Greater Spire  
  85  16:04  Zergling x24  
  85  16:05  Zergling x10  
  85  16:06  Mutalisk x13  
  127  16:28  Baneling x2  
  127  16:29  Baneling x10  
  127  16:38  Zergling x38  
Show
View Real Time Build Order
Export as new Build Order

OMOH Terran 

Build Orders: 1/1/1, Liberator Opening 

Get SALT Encoding   

  12  0:02  SCV  
  13  0:14  SCV  
  14  0:22  Supply Depot  
  14  0:26  SCV  
  15  0:31  Refinery  
  15  0:44  SCV  
  15  0:48  Barracks  
  16  0:57  Refinery  
  16  0:58  SCV  
  17  1:10  SCV  
  18  1:22  SCV  
  19  1:34  SCV  
  20  1:40  Marine, Factory  
  21  1:49  Orbital Command  
  21  2:01  Supply Depot  
  21  2:03  Marine  
  22  2:15  SCV  
  23  2:27  Starport  
  23  2:28  SCV, Barracks Reactor  
  26  2:32  Widow Mine  
  26  2:39  Supply Depot  
  26  2:49  Liberator  
  26  2:52  SCV  
  27  2:59  Factory Tech Lab  
  27  3:04  SCV  
  27  3:05  Supply Depot  
  28  3:12  Marine x2  
  33  3:16  SCV  
  34  3:20  Siege Tank  
  37  3:28  SCV  
  38  3:40  SCV  
  38  3:53  SCV  
  39  4:01  Siege Tank  
  39  4:02  Command Center  
  42  4:11  Marine x2  
  42  4:13  Medivac  
  46  4:19  SCV  
  46  4:23  Supply Depot  
  47  4:32  Engineering Bay  
  47  4:45  Marine x2, SCV, Siege Tank  
  53  4:46  Supply Depot  
  53  5:02  Barracks x2  
  53  5:09  Supply Depot  
  53  5:13  SCV  
  54  5:15  Orbital Command  
  54  5:18  Siege Tank  
  54  5:20  Marine  
  54  5:21  Marine  
  59  5:33  SCV  
  60  5:40  Terran Infantry Weapons Level 1  
  57  5:45  SCV  
  57  5:47  SCV  
  59  5:50  Barracks Tech Lab x2  
  59  5:52  Medivac  
  61  6:02  Refinery  
  61  6:03  Refinery  
  61  6:05  Marine x2  
  61  6:09  Supply Depot  
  63  6:14  Supply Depot  
  63  6:21  Stimpack  
  63  6:26  Combat Shield, Command Center  
  63  6:30  SCV x2  
  65  6:39  Marine x3  
  67  6:40  Marine  
  69  6:56  Liberator  
  69  7:06  SCV x2  
  69  7:08  Marine x3  
  71  7:09  Marine  
  71  7:10  Siege Tank  
  81  7:21  Factory  
  81  7:25  Supply Depot  
  81  7:26  Marine, SCV  
  83  7:30  Supply Depot  
  65  8:02  Marine  
  65  8:03  Marine x3  
  65  8:04  Siege Tank  
  72  8:17  SCV  
  72  8:18  SCV  
  74  8:20  Marine  
  74  8:21  Marine x2  
  74  8:22  Supply Depot x2  
  74  8:26  Factory Reactor  
  77  8:29  Barracks  
  77  8:30  Barracks  
  77  8:31  Barracks  
  77  8:32  Planetary Fortress  
  77  8:43  Marine  
  77  8:44  Marine x3  
  77  8:47  Siege Tank  
  84  8:50  SCV x2  
  86  8:56  Starport Reactor  
  86  9:00  Terran Infantry Armor Level 1  
  86  9:01  Marine  
  87  9:15  Liberator  
  91  9:17  SCV x2  
  91  9:18  Widow Mine x2  
  91  9:19  Siege Tank  
  96  9:26  Marine  
  96  9:27  Marine x6, Supply Depot  
  96  9:29  SCV  
  96  9:30  Supply Depot  
  104  9:36  SCV  
  108  9:41  SCV  
  108  9:42  Missile Turret  
  108  9:44  Marine  
  110  9:46  Missile Turret  
  110  9:48  Supply Depot  
  110  9:50  Supply Depot  
  110  9:51  SCV  
  111  9:54  SCV  
  112  10:05  Siege Tank  
  112  10:06  Medivac  
  121  10:10  Marine x3  
  121  10:11  Widow Mine  
  121  10:12  Widow Mine  
  124  10:26  SCV x2  
  101  11:17  Marine x3  
  101  11:18  Marine x4  
  95  11:29  SCV  
  95  11:30  SCV  
  96  11:33  Cyclone  
  96  11:35  Marine x4  
  96  11:36  Medivac x2  
  109  11:40  Widow Mine x2  
  104  12:00  Liberator x2  
  104  12:05  Siege Tank  
  106  12:14  Marine x7  
  107  12:22  Missile Turret x2  
  117  12:23  Widow Mine x2  
  117  12:29  Missile Turret  
  117  12:30  Missile Turret x2  
  117  12:32  Marine x4  
  121  12:39  Missile Turret  
  121  12:42  Missile Turret x2  
  121  12:43  Missile Turret  
  121  12:57  Barracks  
  121  12:58  Barracks  
  121  13:00  Barracks  
  121  13:02  Command Center, Missile Turret  
  121  13:03  Marine x7  
  128  13:10  Medivac  
  132  13:14  Widow Mine  
  132  13:20  Marine  
  132  13:26  Liberator x2  
  133  13:32  SCV x2  
  135  13:37  SCV  
  136  13:42  Siege Tank  
  136  13:44  Marine, SCV  
  136  13:45  Marine x8  
  157  13:49  Widow Mine x2  
  155  14:00  Marine  
  155  14:02  Marine  
  154  14:03  Marine x8  
  163  14:14  Siege Tank, Orbital Command  
  170  14:17  Widow Mine x2  
  170  14:18  Marine  
  170  14:20  Marine  
  170  14:21  Marine x2, Supply Depot  
  170  14:23  Supply Depot  
  174  14:24  Supply Depot  
  174  14:26  SCV x2  
  174  14:29  Marine x6  
  182  14:36  Marine  
  182  14:38  Marine x3  
  190  14:46  Widow Mine x2, Siege Tank  
  193  14:56  Marine  
  193  14:57  Marine x6  
  200  15:14  Supply Depot  
  200  15:16  Supply Depot  
  200  15:19  Supply Depot  
  200  15:25  Barracks  
  200  15:29  Barracks  
  200  15:45  Barracks  
  200  15:47  Barracks  
  200  15:50  Barracks  
  139  16:01  Marine x10  
  139  16:03  Siege Tank  
  147  16:05  Medivac x2  
  153  16:11  Widow Mine  
  153  16:12  Widow Mine  
  153  16:18  Marine  
  153  16:19  Marine x9  
  163  16:29  Marine  
  163  16:30  Marine  
  165  16:36  Marine  
  165  16:37  Marine x9  
Tags
 
Add a new tag
Caveats
  • Supply blocks, unpowered buildings, or Contaminate may cause inaccurate times.
  • Supply counts are checked every 10 seconds.